 Dungeon Crawl Stone Soup version 0.22-a0-469-gf26638a (webtiles) character file.

34 4thArraOfDagon the Slasher (level 3, -2/33 HPs)
             Began as a Minotaur Monk on June 13, 2018.
             Killed from afar by an orc wizard (6 damage)
             ... with a puff of flame
             ... on level 5 of the Dungeon.
             The game lasted 00:01:20 (228 turns).

4thArraOfDagon the Slasher (Minotaur Monk)           Turns: 228, Time: 00:01:21

Health: -2/33      AC:  2    Str: 20    XL:     3   Next: 14%
Magic:  2/2        EV: 13    Int:  6    God:
Gold:   19         SH:  0    Dex: 12    Spells: 2/2 levels left

rFire    . . .     SeeInvis .   h - +7 falchion of Ointment {slice, Str+5}
rCold    . . .     Gourm    .   (no shield)
rNeg     . . .     Faith    .   b - +0 robe
rPois    .         Spirit   .   (helmet restricted)
rElec    .         Reflect  .   (no cloak)
rCorr    .         Harm     .   (no gloves)
MR       .....                  (no boots)
Stlth    +.........             (no amulet)
HPRegen  0.11/turn              (no ring)
MPRegen  0.08/turn              (no ring)

@: confused
A: retaliatory headbutt, horns 2, dopey 1, mutation resistance 1
a: no special abilities


You were on level 5 of the Dungeon.
You were not hungry.

You visited 1 branch of the dungeon, and saw 5 of its levels.

You collected 19 gold pieces.

Inventory:

Hand Weapons
 a - a +0 falchion
 h - the +7 falchion of Ointment (weapon) {slice, Str+5}
   (You found it on level 5 of the Dungeon)

   It inflicts extra damage upon your enemies.
   It affects your strength (+5).
Armour
 b - a +0 robe (worn)
Scrolls
 d - a scroll of blinking {unknown}
 e - a scroll of remove curse {unknown}
Comestibles
 c - 3 rations


   Skills:
 + Level 4.1 Fighting
 * Level 4.5 Long Blades
 + Level 3.6 Dodging
 - Level 1.5 Stealth


You had 2 spell levels left.
You didn't know any spells.
Your spell library was empty.

Dungeon Overview and Level Annotations

Branches:
Dungeon (5/15)
 Temple: D:4-7

Altars:


Innate Abilities, Weirdness & Mutations

You reflexively headbutt those who attack you in melee.
You have a pair of horns on your head.
You are dopey. (Int -2)
You are somewhat resistant to further mutation.


Message History

An orc wizard comes into view. It is wielding a dagger.
The orc wizard shouts!
The orc misses you.
An orc comes into view.
Unknown command.
The orc shouts!
You hit the orc wizard.
The orc wizard is heavily wounded.
The orc wizard gestures wildly while chanting.
The orc wizard flickers and vanishes!
Deactivating autopickup; reactivate with Ctrl-A.
The orc barely misses you. Something hits you.
Unknown command.
The orc hits you with a flail!
* * * LOW HITPOINT WARNING * * *
You hear some strange, mumbled words.
A puff of flame appears from out of thin air!
The puff of flame hits you!
You die...

####### #
##.....##..
##.......... #
#.@{........
..
#.o.........
#.#.).........
#...o.........
###.o.........
#..........<
##..........
##......#..
[.##.#..##


You could see an orc wizard and 2 orcs.

Vanquished Creatures
  A gnoll (D:4)
  An ooze (D:3)
  A dart slug (D:3)
  A leopard gecko (D:4)
  2 orcs
  2 goblins (D:1)
  2 hobgoblins (D:3)
  2 bats (D:3)
  2 frilled lizards
  2 kobolds (D:3)
  A rat (D:3)
17 creatures vanquished.

Notes
Turn   | Place    | Note
-------+----------+-------------------------------------------
     0 | D:1      | 4thArraOfDagon the Minotaur Monk began the quest for the Orb.
     0 | D:1      | Reached XP level 1. HP: 19/19 MP: 0/0
    88 | D:3      | Reached XP level 2. HP: 24/27 MP: 1/1
   187 | D:4      | Gained mutation: You are dopey. (Int -2) [potion of mutation]
   187 | D:4      | Gained mutation: You are somewhat resistant to further mutation. [potion of mutation]
   190 | D:4      | Reached XP level 3. HP: 10/33 MP: 2/2
   209 | D:5      | Entered Level 5 of the Dungeon
   214 | D:5      | Got a scorched falchion
   217 | D:5      | Identified the +7 falchion of Ointment {slice, Str+5} (You found it on level 5 of the Dungeon)
   228 | D:5      | Killed from afar by an orc wizard

Vault maps used:
D:1:      saegor_arrival_simple_c
D:3:      grunt_temple_overflow_gold_and_silver, elyvilon_altar_4,
          nicolae_qazlal_general_emergency, uniq_jessica, uniq_robin
D:4:      grunt_dithmenos_smoke_and_mirrors, first_ration
D:5:      marbit_many_paths

Skill      XL: |  1  2 |
---------------+-------+-----
Long Blades    | 4 |  4.5
Fighting       | 4 |  4.1
Dodging        | |  3.6
Stealth        | |  1.5

Action                   || total
-------------------------++-------
Melee: Falchion          ||    40
       Headbutt          ||     7
  Use: Potion            ||     3
Armor: Robe              ||     1
Dodge: Dodged            ||    32
       Rpst.: Falchion   ||     7

Table legend:
 A = Spawn XP
 B = Non-spawn XP
 C = Spawn XP percentage of total XP
 D = Spawn monster count
 E = Non-spawn monster count
 F = Spawn count percentage of total count
 G = Total turns spent on level
                    A         B        C        D         E        F      G
               +---------+---------+-------+---------+---------+-------+---------
         Total |       0 |      49 |   0.0 |       0 |      17 |   0.0 |   228
               +---------+---------+-------+---------+---------+-------+---------
           D:1 |       0 |       4 |   0.0 |       0 |       3 |   0.0 |    46
           D:3 |       0 |      25 |   0.0 |       0 |      11 |   0.0 |   116
           D:4 |       0 |      17 |   0.0 |       0 |       2 |   0.0 |    42
           D:5 |       0 |       3 |   0.0 |       0 |       1 |   0.0 |    19
               +---------+---------+-------+---------+---------+-------+---------
